 Dungeon Crawl Stone Soup version 0.25-a0-1002-gbcf8c60d55 (webtiles) character file.

Game seed: 1380505303664710400, levelgen mode: deterministic

499 Essalna the Chopper (level 6, -2/58 HPs)
             Began as a Deep Dwarf Monk on May 11, 2020.
             Slain by a sky beast (5 damage)
             ... on level 5 of the Dungeon.
             The game lasted 00:09:21 (3586 turns).

Essalna the Chopper (Deep Dwarf Monk)               Turns: 3586, Time: 00:09:22

Health: -2/58      AC:  6    Str: 21    XL:     6   Next: 94%
Magic:  6/6        EV: 13    Int: 11    God:
Gold:   173        SH:  0    Dex: 15    Spells: 5/5 levels left

rFire    . . .     SeeInvis .   a - +0 hand axe
rCold    . . .     Gourm    .   (no shield)
rNeg     + . .     Faith    .   h - +0 leather armour
rPois    .         Spirit   .   (no helmet)
rElec    .         Reflect  .   k - scarf {cloud immunity}
rCorr    .         Harm     .   r - +0 pair of gloves
MR       .....                  p - +0 pair of boots
Stlth    ++........             v - amulet of the acrobat
HPRegen  0.00/turn              e - ring of positive energy
MPRegen  0.10/turn              l - +5 ring of strength

@: non-regenerating
A: damage resistance, heal wounds, sense surroundings 1, no regeneration
a: Heal Wounds


You were on level 5 of the Dungeon.
You were hungry.

You visited 2 branches of the dungeon, and saw 6 of its levels.

You collected 173 gold pieces.

Inventory:

Hand Weapons
 a - a +0 hand axe (weapon)
Armour
 b - a +0 robe
 h - a +0 leather armour (worn)
 k - a scarf of cloud immunity (worn)
 p - a +0 pair of boots (worn)
 r - a +0 pair of gloves (worn)
Jewellery
 e - a ring of positive energy (left hand)
 l - a +5 ring of strength (right hand)
 n - an uncursed ring of wizardry
 s - an uncursed ring of attention
 v - an amulet of the acrobat (around neck)
 y - a +5 ring of intelligence
Wands
 A - a wand of disintegration (10)
Scrolls
 g - 7 scrolls of identify
 i - 2 scrolls of remove curse
 m - 2 scrolls of amnesia {unknown}
 o - 2 scrolls of immolation {unknown}
 q - a scroll of blinking {unknown}
 u - a scroll of fear {unknown}
Potions
 d - 3 potions of curing {unknown}
 j - a potion of berserk rage {unknown}
 t - a potion of might {unknown}
 w - a potion of invisibility {unknown}
 z - a potion of flight {unknown}
Comestibles
 c - 8 rations


   Skills:
 + Level 4.6 Fighting
 + Level 5.6 Axes
 + Level 4.4 Armour
 - Level 3.2 Dodging
 - Level 2.4 Stealth


You had 5 spell levels left.
You didn't know any spells.
Your spell library was empty.

Dungeon Overview and Level Annotations

Branches:
Dungeon (5/15)             Temple (1/1) D:4

Altars:
Cheibriados
Dithmenos
Elyvilon
Fedhas
Nemelex Xobeh
Okawaru
Ru
Sif Muna
Trog
Uskayaw
Wu Jian
Xom
Yredelemnul
Zin

Shops:
D:4 !


Innate Abilities, Weirdness & Mutations

You are resistant to damage.
You can heal yourself by infusing magical energy.
You passively map a small area around you.
You do not regenerate.


Message History

* * * LOW HITPOINT WARNING * * *
You closely miss something. Something hits you. Something shocks you.
* * * LOW HITPOINT WARNING * * *
You slash something! Something hits you but does no damage.
You barely miss something. Something hits you. Something shocks you.
* * * LOW HITPOINT WARNING * * *
A sky beast appears from thin air!
Reactivating autopickup.
The sky beast hits you. The sky beast shocks you.
* * * LOW HITPOINT WARNING * * *
You hit the sky beast.
The sky beast is moderately wounded.
The sky beast closely misses you.
You miss the sky beast.
The sky beast is moderately wounded.
The sky beast hits you but does no damage.
You hit the sky beast.
The sky beast is moderately wounded.
The sky beast hits you. The sky beast shocks you.
You die...

......#.#
#.#
#####.#.#
#.# #.#.#
#≈# ,
,#.#.#
#.# #.#.#
#.# , *
#.# #≈#
#.# #.#
#.# #Y# ,
,#.# #@#
, #.####
#.# , *
#....#
#.#
,####.#
#.# * #.#
#.# , #.#
#.# #.#
#.# #.#
#.# #.#
#.#


You could see a sky beast.

Vanquished Creatures
  A hippogriff (D:4)
  A scorpion (D:4)
  An orc wizard (D:3)
  2 worker ants
  13 adders
  An ooze (D:1)
  An adder skeleton (D:3)
  3 worms
  A dart slug (D:2)
  2 leopard geckos
  6 orcs
  2 giant cockroaches
  3 hobgoblins
  4 jackals (D:1)
  A quokka (D:3)
  3 ball pythons
  3 bats
  3 frilled lizards
  7 goblins
  9 kobolds
  8 rats
75 creatures vanquished.

Notes
Turn   | Place    | Note
-------+----------+-------------------------------------------
     0 | D:1      | Essalna the Deep Dwarf Monk began the quest for the Orb.
     0 | D:1      | Reached XP level 1. HP: 20/20 MP: 1/1
   299 | D:1      | Reached XP level 2. HP: 21/27 MP: 2/2
   383 | D:1      | Reached skill level 1 in Armour
   894 | D:2      | Reached XP level 3. HP: 5/34 MP: 3/3
   943 | D:2      | Reached skill level 4 in Axes
  1099 | D:2      | Found a shimmering altar of Xom.
  1114 | D:2      | Reached XP level 4. HP: 25/42 MP: 4/4
  1621 | D:2      | Found a blossoming altar of Fedhas.
  1621 | D:2      | Found a shimmering blue altar of Sif Muna.
  1747 | D:3      | Found an iron altar of Okawaru.
  1854 | D:3      | Reached XP level 5. HP: 37/50 MP: 5/5
  2436 | D:4      | Found a staircase to the Ecumenical Temple.
  2446 | Temple   | Entered the Ecumenical Temple
  2717 | D:4      | Reached skill level 5 in Axes
  2913 | D:4      | Reached XP level 6. HP: 21/57 MP: 6/6
  2945 | D:4      | Found Ceim's Distillery.
  2947 | D:4      | Noticed a hippogriff
  2978 | D:4      | Killed a hippogriff
  3477 | D:5      | Entered Level 5 of the Dungeon
  3539 | D:5      | Noticed a sky beast
  3586 | D:5      | Slain by a sky beast

Illustrated notes

Levels and vault maps discovered:
D:1:      minmay_arrival_stair_chambers, layout_loops_corners,
          minmay_octomino_c4
D:2:      layout_loops_cross, overflow_temple_1_default,
          gammafunk_temple_overflow_elements, minmay_misc_feat_enclosed
D:3:      layout_loops_ring, okawaru_gym_becter, first_ration,
          minmay_misc_feat_tiny
D:4:      layout_basic, minmay_temple_entry_ruins, serial_shops, shop
D:5:      layout_basic, marbit_many_paths, kennysheep_mini_moat,
          overflow_temple_1_default, serial_shops, shop, ebering_ghost_sewer_f
Temple:   jpeg_temple_alley_garden

Skill      XL: |  1  2  3  4  5  6 |
---------------+-------------------+-----
Fighting       | 3 4 |  4.6
Armour         | 1 2 3 4 |  4.4
Axes           | 4 5 |  5.6
Dodging        | |  3.2
Stealth        | |  2.4

Action                   |  1- 3 |  4- 6 || total
-------------------------+-------+-------++-------
Melee: Hand axe          |   135 |   223 ||   358
 Abil: Heal Wounds       |     1 |     7 ||     8
  Use: Scroll            |       |     3 ||     3
 Stab: Sleeping          |     2 |     2 ||     4
  Eat: Chunk             |     1 |     7 ||     8
Armor: Robe              |     5 |       ||     5
       Leather armour    |    27 |    49 ||    76
Dodge: Dodged            |   107 |   168 ||   275

Table legend:
 A = Non-vault XP
 B = Vault XP
 C = Vault XP percentage of total XP
 D = Non-vault monster count
 E = Vault monster count
 F = Vault count percentage of total count
                 A         B        C        D         E       F
            +---------+---------+-------+---------+---------+-------
      Total |     702 |      11 |   1.5 |      68 |       7 |   9.3
            +---------+---------+-------+---------+---------+-------
        D:1 |      29 |      11 |  27.5 |      17 |       7 |  29.2
        D:2 |     121 |       0 |   0.0 |      17 |       0 |   0.0
        D:3 |     161 |       0 |   0.0 |      24 |       0 |   0.0
        D:4 |     391 |       0 |   0.0 |      10 |       0 |   0.0
            +---------+---------+-------+---------+---------+-------
